 Dungeon Crawl Stone Soup version 0.31-a0-165-g3f4f80340b (webtiles) character file.

Game seed: 9971169419512890653

133 qw the Chopper (level 5, 0/32 HPs)
             Began as a Gargoyle Fighter on June 13, 2023.
             Slain by an ogre
             ... wielding a +0 giant spiked club
              (2 damage)
             ... on level 3 of the Dungeon.
             The game lasted 00:00:58 (1760 turns).

qw the Chopper (Gargoyle Fighter)                   Turns: 1760, Time: 00:00:59

Health: 0/32       AC: 13    Str: 21    XL:     5   Next: 16%
Magic:  5/5        EV:  9    Int:  9    God:
Gold:   60         SH:  4    Dex:  9    Spells: 4/4 levels left

rFire   . . .        Y - +0 war axe
rCold   . . .        c - +0 buckler
rNeg    + . .        b - +0 scale mail
rPois   inf          (no helmet)
rElec   +            (no cloak)
rCorr   .            g - +1 pair of gloves
SInv    .            (no boots)
Will    .....        (no amulet) Stlth
                     (no ring)
HPRegen 0.25/turn    (no ring)
MPRegen 0.09/turn

%: no passive effects
@: no status effects
A: sickness immunity, AC +4, negative energy resistance 1, electricity
resistance, torment resistance 1, petrification resistance
a: no special abilities


You were on level 3 of the Dungeon.
You visited 1 branch of the dungeon, and saw 3 of its levels.

You collected 60 gold pieces.


Innate Abilities, Weirdness & Mutations

You are immune to sickness and miasma.
Your stone body is resilient. (AC +4)
You are immune to poison.
You resist negative energy. (rN+)
You are resistant to electric shocks. (rElec)
You are resistant to unholy torment.
You are immune to petrification.


   Skills:
 - Level 3.2 Fighting
 + Level 4.7 Axes
 - Level 3.2 Armour
 - Level 3.2 Shields


You had 4 spell levels left.
You didn't know any spells.
Your spell library was empty.

Inventory:

Hand Weapons
 f - a +0 whip
 Y - a +0 war axe (weapon)
Armour
 b - a +0 scale mail (worn)
 c - a +0 buckler (worn)
 g - a +1 pair of gloves (worn)
 i - a +0 chain mail
Scrolls
 k - a scroll of vulnerability {unknown}
Potions
 a - a potion of curing
 d - a potion of might
 e - a potion of enlightenment {unknown}
 h - a potion of lignification {unknown}
 j - a potion of haste {unknown}

Dungeon Overview and Level Annotations

Branches:
Dungeon (3/15)

Altars:

Shops:
D:2 (


Message History

You kill the kobold!
The adder bites you but does no damage. The adder closely misses you.
You closely miss the adder.
The adder is heavily wounded.
The adder barely misses you. The adder bites you but does no damage.
You miss the adder.
The adder is heavily wounded.
The adder bites you but does no damage. The adder closely misses you.
You closely miss the adder.
The adder is heavily wounded.
The adder bites you but does no damage.
You miss the adder.
The adder is heavily wounded.
The adder barely misses you. The adder bites you but does no damage.
You barely miss the adder.
The adder is heavily wounded.
The adder bites you but does no damage. The adder bites you.
You closely miss the adder.
The adder is heavily wounded.
The adder closely misses you.
You closely miss the adder.
The adder is heavily wounded.
The adder bites you but does no damage. The adder barely misses you.
You slash the adder!
You kill the adder!
k - a scroll labelled UTHEIXTUTI
There is a stone staircase leading up here.
An ogre comes into view. It is wielding a +0 giant spiked club.
The ogre shouts!
You hear a shout!
An orc comes into view. It is wielding a +0 heavy war axe.
You barely miss the ogre.
The orc shouts!
The ogre hits you with a +0 giant spiked club!!
Ouch! That really hurt!
An orc comes into view. It is wielding a +0 club.
You hit the ogre.
The ogre is lightly wounded.
An orc comes into view.
It is wielding a +0 hand axe of electrocution.
The ogre hits you with a +0 giant spiked club.
You die...

#
##.##.....)##.###
#.####...###.#
#............#
######.......#
##...#### #...#
#...#
#####...####.##
.......@O.....#
...............
..............#
#####...####.##
#...# oo #...# .
#$..# #...#


You could see an ogre and 2 orcs.

Vanquished Creatures
  Jessica (D:3)
  A gnoll (D:1)
  4 adders
  2 worms (D:2)
  3 dart slugs
  7 ball pythons
  5 endoplasms
  A giant cockroach (D:2)
  4 goblins
  3 hobgoblins
  4 kobolds
  A quokka (D:3)
  6 bats
  3 frilled lizards
  3 rats
48 creatures vanquished.

Notes
Turn   | Place    | Note
-------+----------+-------------------------------------------
     0 | D:1      | qw the Gargoyle Fighter began the quest for the Orb.
     0 | D:1      | Reached XP level 1. HP: 14/14 MP: 1/1
     0 | D:1      | 0 ||| qw: Version: 0.2-a-29-gc1b59c4
     0 | D:1      | 0 ||| qw: Game counter: 4786
     0 | D:1      | 0 ||| qw: Always use a shield: true
     0 | D:1      | 0 ||| qw: God list: Okawaru
     0 | D:1      | 0 ||| qw: Allow faded altars: false
     0 | D:1      | 0 ||| qw: Do Orc after D:15 true
     0 | D:1      | 0 ||| qw: Do second Lair branch before Depths: true
     0 | D:1      | 0 ||| qw: Lair rune preference: random
     0 | D:1      | 0 ||| qw: Plans: Normal, Zot:1-4, Slime:5, God:TSO, Crypt,
                  | Tomb, Abyss, Pan, Hells, Win
     0 | D:1      | 0 ||| PLANNING D:1-11
    90 | D:1      | Reached skill level 2 in Axes
   135 | D:1      | Reached XP level 2. HP: 7/19 MP: 2/2
   273 | D:1      | Reached skill level 3 in Axes
   336 | D:1      | Reached XP level 3. HP: 23/23 MP: 3/3
   346 | D:1      | 346 ||| Stepping ~*~*~tactically~*~*~ (stealth).
   600 | D:1      | Found a faded altar of an unknown god.
   649 | D:1      | 649 ||| UPGRADING to +0 pair of gloves.
   654 | D:1      | 654 ||| READING scroll labelled FIAR HOATOOD.
   655 | D:1      | 655 ||| READING scroll labelled PARRECV JEURO.
   912 | D:2      | Found Xuhius's Weapon Boutique.
  1035 | D:2      | Reached XP level 4. HP: 26/28 MP: 4/4
  1117 | D:2      | Reached skill level 4 in Axes
  1155 | D:2      | 1155 ||| READING scroll of enchant armour.
  1155 | D:2      | 1155 ||| ENCHANTING +0 pair of gloves.
  1159 | D:2      | 1159 ||| Stepping ~*~*~tactically~*~*~ (stealth).
  1465 | D:2      | 1465 ||| DRINKING 2 inky potions.
  1512 | D:3      | Noticed Jessica
  1513 | D:3      | 1513 ||| Stepping ~*~*~tactically~*~*~ (hiding).
  1521 | D:3      | 1521 ||| STAIRDANCE
  1550 | D:3      | 1550 ||| Stepping ~*~*~tactically~*~*~ (hiding).
  1554 | D:3      | Killed Jessica
  1555 | D:3      | Reached XP level 5. HP: 32/32 MP: 5/5
  1678 | D:3      | 1678 ||| Stepping ~*~*~tactically~*~*~ (hiding).
  1682 | D:3      | 1682 ||| Stepping ~*~*~tactically~*~*~ (hiding).
  1755 | D:3      | Noticed an ogre
  1759 | D:3      | HP: 2/32 [ogre/+0 giant spiked club (30)]
  1760 | D:3      | Slain by an ogre

Levels and vault maps discovered:
D:1:      saegor_arrival_simple_e, layout_basic,
          hellmonk_ecumenical_altar_blasted
D:2:      layout_basic, serial_shops, shop, minivault_19
D:3:      layout_loops_cross, minitemple, uniq_jessica, uniq_natasha

Skill      XL: |  1  2  3  4 |
---------------+-------------+-----
Axes           | 2 3 4 |  4.7
Fighting       | |  3.2
Armour         | |  3.2
Shields        | |  3.2

Action                     |  1- 3 |  4- 6 || total
---------------------------+-------+-------++-------
  Melee: War axe           |   104 |    55 ||   159
    Use: Scroll            |     2 |     1 ||     3
         Potion            |       |     1 ||     1
 Armour: Scale mail        |    59 |    33 ||    92
  Dodge: Dodged            |    32 |    31 ||    63
  Block: Buckler           |    22 |     5 ||    27

Table legend:
 A = Non-vault XP
 B = Vault XP
 C = Vault XP percentage of total XP
 D = Non-vault monster count
 E = Vault monster count
 F = Vault count percentage of total count
                 A         B        C        D         E       F
            +---------+---------+-------+---------+---------+-------
      Total |     153 |      37 |  19.5 |      47 |       1 |   2.1
            +---------+---------+-------+---------+---------+-------
        D:1 |      50 |       0 |   0.0 |      21 |       0 |   0.0
        D:2 |      81 |       0 |   0.0 |      21 |       0 |   0.0
        D:3 |      22 |      37 |  62.7 |       5 |       1 |  16.7
            +---------+---------+-------+---------+---------+-------
